 Dungeon Crawl Stone Soup version 0.23-a0-419-g0174fd8 (webtiles) character file.

67 galech the Skirmisher (level 4, -4/35 HPs)
             Began as a Demonspawn Fighter on Nov 13, 2018.
             Slain by an orc
             ... wielding a +0 morningstar
              (7 damage)
             ... on level 3 of the Dungeon.
             The game lasted 00:02:03 (2158 turns).

galech the Skirmisher (Demonspawn Fighter)          Turns: 2158, Time: 00:02:04

Health: -4/35      AC:  9    Str: 22    XL:     4   Next: 0%
Magic:  4/4        EV:  7    Int:  9    God:
Gold:   37         SH:  9    Dex: 13    Spells: 3/3 levels left

rFire    . . .     SeeInvis .   a - +0 war axe
rCold    . . .     Gourm    .   c - +0 shield
rNeg     . . .     Faith    .   b - +0 scale mail
rPois    .         Spirit   .   (no helmet)
rElec    .         Reflect  .   (no cloak)
rCorr    .         Harm     .   (no gloves)
MR       .....                  (no boots)
Stlth    ..........             (no amulet)
HPRegen  0.11/turn              (no ring)
MPRegen  0.09/turn              (no ring)

@: mighty
A: thin metallic scales 2
a: no special abilities


You were on level 3 of the Dungeon.
You were not hungry.

You visited 1 branch of the dungeon, and saw 3 of its levels.

You collected 37 gold pieces.

Inventory:

Hand Weapons
 a - a +0 war axe (weapon)
Armour
 b - a +0 scale mail (worn)
 c - a +0 shield (worn)
Jewellery
 m - a +2 ring of dexterity {unknown}
Scrolls
 i - 2 scrolls of identify {unknown}
 j - a scroll of immolation {unknown}
 k - a scroll of enchant armour {unknown}
 l - a scroll of magic mapping {unknown}
 n - a scroll of teleportation {unknown}
 o - a scroll of enchant weapon {unknown}
Potions
 e - 2 potions of lignification {unknown}
 h - a potion of haste {unknown}
Comestibles
 f - 4 rations


   Skills:
 + Level 3.3 Fighting
 + Level 2.9 Axes
 + Level 3.0 Armour
 + Level 0.1 Stealth
 + Level 3.0 Shields


You had 3 spell levels left.
You didn't know any spells.
Your spell library was empty.

Dungeon Overview and Level Annotations

Branches:
Dungeon (3/15)

Altars:


Innate Abilities, Weirdness & Mutations

You are mostly covered in thin metallic scales. (AC +3)


Message History

The orc hits you with a cursed -1 hand axe.
The orc barely misses you.
You hit the orc.
You kill the orc!
You closely miss the orc.
The orc hits you with a cursed -1 hand axe.
The orc hits you but does no damage.
Your shield and scale mail prevent you from hitting the ogre.
You hit the orc.
You kill the orc!
You have reached level 4!
You feel stronger.
Your demonic ancestry asserts itself...
Thin metallic scales spread over more of your body.
The ogre hits you with a +0 giant club!!
Ouch! That really hurt!
You block the orc's attack. The ogre hits you with a +0 giant club!
* * * LOW HITPOINT WARNING * * *
You feel very mighty all of a sudden. The orc hits you with a +0 morningstar!
You die...

....... .....#.##
# ...[.#..# #.# #
........# #.# #
......... ... #
........# #.# #
......oO# #.#
###### #@# #.#
.....#
#.####.#########..
#..##..........###
##.##..#######.#.#
#..#..#######.#.#
##.#........#.#..
#..#.#####.#.#.#
##.#.# #.#.# #....
#...#


You could see an ogre and an orc.

Vanquished Creatures
  A gnoll (D:2)
  2 worms (D:2)
  2 dart slugs (D:2)
  4 leopard geckos
  3 orcs (D:3)
  A ball python (D:1)
  6 bats
  A giant cockroach (D:1)
  4 goblins
  3 hobgoblins
  2 jackals (D:1)
  A quokka (D:2)
  2 frilled lizards
  2 kobolds
  5 rats
  5 bushes (D:1)
  2 plants (D:1)
46 creatures vanquished.

Notes
Turn   | Place    | Note
-------+----------+-------------------------------------------
     0 | D:1      | galech the Demonspawn Fighter began the quest for the Orb.
     0 | D:1      | Reached XP level 1. HP: 18/18 MP: 1/1
   166 | D:1      | Gained mutation: You are partially covered in thin metallic
                  | scales. (AC +2) [demonic ancestry]
   166 | D:1      | Reached XP level 2. HP: 23/24 MP: 2/2
  1071 | D:2      | Reached XP level 3. HP: 28/29 MP: 3/3
  2152 | D:3      | Noticed an ogre
  2157 | D:3      | Gained mutation: You are mostly covered in thin metallic
                  | scales. (AC +3) [demonic ancestry]
  2157 | D:3      | Reached XP level 4. HP: 32/35 MP: 4/4
  2158 | D:3      | Slain by an orc

Vault maps used:
D:1:      dpeg_arrival_ternary, serial_forest, infiniplex_forest_lined_3,
          infiniplex_forest_clump_tiny, infiniplex_forest_lined_1,
          infiniplex_forest_clump_long
D:2:      first_ration, chequers_serial_rivers_small_3, minmay_pentomino_v4
D:3:      gammafunk_temple_overflow_forgotten, kennysheep_orc_chapel,
          uniq_crazy_yiuf_cottage

Skill      XL: |  1  2  3 |
---------------+----------+-----
Axes           | 2 |  2.9
Armour         | 3 |  3.0
Shields        | 3 |  3.0
Fighting       | |  3.3
Stealth        | |  0.1

Action                   |  1- 3 |  4- 6 || total
-------------------------+-------+-------++-------
Melee: War axe           |   351 |       ||   351
  Use: Potion            |       |     1 ||     1
  Eat: Chunk             |     3 |       ||     3
       Ration            |     1 |       ||     1
Armor: Scale mail        |   109 |       ||   109
Dodge: Dodged            |    49 |       ||    49
Block: Shield            |    93 |     1 ||    94

Table legend:
 A = Non-vault XP
 B = Vault XP
 C = Vault XP percentage of total XP
 D = Non-vault monster count
 E = Vault monster count
 F = Vault count percentage of total count
                 A         B        C        D         E       F
            +---------+---------+-------+---------+---------+-------
      Total |      79 |      18 |  18.6 |      36 |       3 |   7.7
            +---------+---------+-------+---------+---------+-------
        D:1 |      29 |       0 |   0.0 |      17 |       0 |   0.0
        D:2 |      41 |      18 |  30.5 |      16 |       3 |  15.8
        D:3 |       9 |       0 |   0.0 |       3 |       0 |   0.0
            +---------+---------+-------+---------+---------+-------
